 Dungeon Crawl Stone Soup version 0.28-a0-1382-g92835e5c71 (webtiles) character file.

Game seed: 8860103663179605669

366 Deminshera the Sneak (level 7, -1/43 HPs)
             Began as a Kobold Brigand on Jan 1, 2022.
             Splashed by a jelly's acid (7 damage)
             ... on level 4 of the Dungeon.
             The game lasted 00:04:05 (4733 turns).

Deminshera the Sneak (Kobold Brigand)               Turns: 4733, Time: 00:04:05

Health: -1/43      AC:  3    Str: 10    XL:     7   Next: 1%
Magic:  7/7        EV: 15    Int: 13    God:
Gold:   110        SH:  0    Dex: 16    Spells: 6/6 levels left

rFire   . . .      SeeInvis .   i - +0 dagger (speed)
rCold   . . .      Faith    .   (no shield)
rNeg    . . .      Spirit   .   b - +0 robe
rPois   .          Reflect  .   (no helmet)
rElec   .          Harm     .   c - +0 cloak
rCorr   .          Rampage  .   (no gloves)
Will    .....                   (no boots)
Stlth   ++++......              (no amulet)
HPRegen 0.14/turn               (no ring)
MPRegen 0.10/turn               (no ring)

@: no status effects
A: small, no large weapons, nightstalker 3
a: no special abilities


You were on level 4 of the Dungeon.
You visited 1 branch of the dungeon, and saw 4 of its levels.

You collected 110 gold pieces.

Inventory:

Hand Weapons
 i - a +0 dagger of speed (weapon)
Missiles
 d - 22 poisoned darts
 e - a curare-tipped dart (quivered)
Armour
 b - a +0 robe (worn)
 c - a +0 cloak (worn)
Wands
 j - a wand of polymorph (5)
 p - a wand of acid (5)
Scrolls
 f - a scroll of enchant weapon {unknown}
 l - a scroll of vulnerability {unknown}
 m - 3 scrolls of immolation {unknown}
 o - a scroll of teleportation {unknown}
 q - 2 scrolls of identify {unknown}
 r - a scroll of magic mapping {unknown}
Potions
 a - a potion of ambrosia {unknown}
 g - a potion of cancellation {unknown}
 h - 3 potions of curing {unknown}
 k - 4 potions of might {unknown}
 n - a potion of magic {unknown}
 s - a potion of degeneration {unknown}


   Skills:
 + Level 4.0 Fighting
 + Level 4.8 Short Blades
 - Level 3.0 Throwing
 - Level 3.0 Dodging
 + Level 6.8 Stealth
 + Level 2.6 Evocations


You had 6 spell levels left.
You didn't know any spells.
Your spell library contained the following spells:

 Spells                   Type           Power      Damage    Failure   Level
 Freeze                   Ice            0%         1d3       30%         1
 Frozen Ramparts          Ice            0%         1d2       67%         3
 Hailstorm                Conj/Ice       0%         3d3       97%         4


Dungeon Overview and Level Annotations

Branches:
Dungeon (4/15)
 Temple: D:4-7

Altars:
Ashenzari


Innate Abilities, Weirdness & Mutations

You are small and have problems with some larger weapons.
You are completely attuned to the shadows.


Message History

Things that are here:
a +0 dagger; an orc skeleton
Things that are here:
a +0 whip; a +0 leather armour; an orc skeleton
Things that are here:
a +0 whip; a +0 ring mail
There is an escape hatch in the floor here.
The jelly hits you.
You are splashed with acid!
The jelly jiggles.
You hit the jelly but do no damage.
Your hands burn!
The jelly is moderately wounded.
A quokka comes into view.
Found an escape hatch in the ceiling.
You hit the jelly.
Your hands burn!
The jelly is moderately wounded.
The jelly hits you but does no damage.
You hit the jelly but do no damage.
Your hands burn!
The jelly is moderately wounded.
There is a stone staircase leading up here.
You hit the jelly.
Your hands burn!
The jelly is heavily wounded.
The jelly closely misses you.
You hit the jelly.
Your hands burn!
The jelly is heavily wounded.
You hit the jelly.
Your hands burn!
The jelly is severely wounded.
The jelly misses you.
You hit the jelly but do no damage.
Your hands burn!
The jelly is severely wounded.
You hit the jelly.
Your hands burn!
* * * LOW HITPOINT WARNING * * *
The jelly is almost dead.
The jelly hits you.
* * * LOW HITPOINT WARNING * * *
You are splashed with acid!
* * * LOW HITPOINT WARNING * * *
The jelly hits you.
* * * LOW HITPOINT WARNING * * *
You are splashed with acid!
You die...

#.# ######..##.# ###.
........##.# #.. ...
######...##.## #.# #.
.........#...## #.######.
.>####..#<###.####........
.........# #...).........
.####..#.###.###########.
#...###J..## #########.
.......@÷.....#.........
##...####.###.#.#######.
r....# #.# #.# #. #<#.##
#.# #.# #† #. #.# ##. #.#
#.# . #.# ##. #. #.# ##
.#.###.# #


You could see a jelly.

Vanquished Creatures
  Edmund (D:4)
  An ogre (D:4)
  An orc priest (D:4)
  5 adders
  An ufetubus (D:4)
  A worm (D:3)
  3 dart slugs
  4 orcs
  9 endoplasms
  3 giant cockroaches
  7 goblins
  10 hobgoblins
  2 jackals (D:1)
  3 kobolds
  4 quokkas
  6 ball pythons
  8 bats
  3 frilled lizards (D:3)
  3 rats (D:3)
75 creatures vanquished.

Vanquished Creatures (others)
  3 plants (D:4)
3 creatures vanquished.

Grand Total: 78 creatures vanquished

Notes
Turn   | Place    | Note
-------+----------+-------------------------------------------
     0 | D:1      | Deminshera the Kobold Brigand began the quest for the Orb.
     0 | D:1      | Reached XP level 1. HP: 12/12 MP: 1/1
    60 | D:1      | Reached XP level 2. HP: 18/18 MP: 2/2
   603 | D:1      | Reached XP level 3. HP: 22/22 MP: 3/3
  1498 | D:2      | HP: 1/22 [poisoned by an adder]
  1500 | D:2      | Reached XP level 4. HP: 2/27 MP: 4/4
  2125 | D:2      | Found a broken altar of Ashenzari.
  3867 | D:3      | Reached XP level 5. HP: 32/32 MP: 5/5
  4068 | D:3      | Reached skill level 6 in Stealth
  4300 | D:4      | Noticed an ogre
  4304 | D:4      | Killed an ogre
  4305 | D:4      | Reached skill level 1 in Evocations
  4305 | D:4      | Reached XP level 6. HP: 37/37 MP: 6/6
  4354 | D:4      | Noticed Edmund
  4375 | D:4      | Killed Edmund
  4376 | D:4      | Reached XP level 7. HP: 28/43 MP: 7/7
  4695 | D:4      | HP: 2/43 [acid (9)]
  4733 | D:4      | Splashed by a jelly's acid

Illustrated notes

Levels and vault maps discovered:
D:1:      minmay_arrival_stair_chambers, layout_rooms, hangedman_decor_growths,
          chequers_serial_rivers_small_3, grunt_decor_junction,
          minmay_liquid_box
D:2:      layout_loops_ring, basic_altar, minmay_pentomino_o2
D:3:      layout_loops_ring
D:4:      layout_loops_ring, mainiacjoe_overflow_boulevard, trog_wizard,
          minmay_temple_entry_offerings, serial_shops, kennysheep_mini,
          moated_statue, uniq_ijyb, uniq_eustachio, uniq_edmund

Skill      XL: |  1  2  3  4  5  6 |
---------------+-------------------+-----
Short Blades   | 3 4 |  4.8
Dodging        | 2 3 |  3.0
Fighting       | 3 4 |  4.0
Throwing       | 3 |  3.0
Stealth        | 6 |  6.8
Evocations     | 1 2 |  2.6

Action                   |  1- 3 |  4- 6 |  7- 9 || total
-------------------------+-------+-------+-------++-------
Melee: Dagger            |    98 |   130 |    13 ||   241
Throw: Dart              |     2 |    10 |       ||    12
 Stab: Sleeping          |    15 |    22 |       ||    37
Armor: Robe              |    13 |     8 |     3 ||    24
Dodge: Dodged            |    50 |    55 |     4 ||   109

Table legend: (Time is in decaauts)
 A = Elapsed time spent in this place.
 B = Non-inter-level travel time spent in this place.
 C = Inter-level travel time spent in this place.
 D = Time resting spent in this place.
 E = Time spent auto-exploring this place.
 F = Levels seen in this place.
 G = Mean time per level.
                   A        B        C        D        E       F      G
               +--------+--------+--------+--------+--------+-----+--------+
         Total |   4644 |   4587 |     57 |   1830 |   2206 |   4 | 1161.0 |
       Dungeon |   4644 |   4587 |     57 |   1830 |   2206 |   4 | 1161.0 |
               +--------+--------+--------+--------+--------+-----+--------+

Top non-repeatable levels by time:
     D:2: 1469 daAuts
     D:3: 1414 daAuts
     D:1: 1190 daAuts
     D:4: 570 daAuts
